Map: Abiogenesis LE

Players

fruitcake - Winner!

  • Race: Zerg Zerg
  • Spawn Location: 5:00

Recneps

  • Race: Protoss Protoss
  • League: Gold
  • Spawn Location: 11:00

VOD

Have the link to the VOD?

Description

Time

  • Played on: May 9, 2018, 4:25 p.m.
  • Length: 12:16
Show
View Real Time Build Order
Export as new Build Order

fruitcake Zerg - Winner!

Build Orders: Pool First 

Get SALT Encoding   

  12  0:00  Drone  
  13  0:08  Drone  
  14  0:17  Overlord  
  14  0:26  Drone, Extractor  
  14  0:35  Drone x2  
  16  0:49  Spawning Pool  
  16  1:04  Drone  
  16  1:06  Drone  
  17  1:22  Hatchery  
  17  1:36  Queen  
  19  1:53  Zergling x4  
  22  1:57  Spine Crawler  
  20  2:04  Overlord  
  20  2:11  Roach Warren  
  19  2:17  Zergling x2  
  19  2:19  Queen  
  22  2:28  Drone  
  23  2:30  Spine Crawler  
  22  2:42  Drone  
  23  2:47  Drone  
  24  2:54  Roach  
  24  2:55  Roach x2  
  27  3:15  Roach  
  29  3:24  Roach x2  
  29  3:35  Roach, Spine Crawler  
  29  3:36  Overlord  
  29  3:37  Overlord  
  30  3:55  Roach  
  32  3:59  Ravager  
  32  4:00  Ravager  
  34  4:04  Zergling x2  
  35  4:26  Roach x2  
  39  4:34  Roach  
  40  4:54  Roach  
  40  4:56  Roach  
  44  5:10  Zergling x2  
  44  5:11  Hatchery  
  44  5:15  Overlord  
  44  5:21  Drone  
  45  5:23  Overlord x2  
  45  5:40  Queen  
  47  5:47  Drone x5  
  47  5:49  Extractor  
  51  5:52  Evolution Chamber  
  50  6:04  Roach, Zergling x2  
  53  6:15  Drone x3  
  56  6:25  Drone  
  56  6:26  Drone x2  
  59  6:45  Spore Crawler  
  59  6:46  Spore Crawler  
  57  6:51  Spore Crawler  
  57  6:52  Drone  
  57  7:00  Zerg Missile Weapons Level 1  
  57  7:04  Drone  
  57  7:08  Overlord  
  58  7:13  Drone  
  58  7:14  Drone  
  60  7:40  Roach x2, Zergling x2  
  60  7:41  Roach x3, Zergling x4  
  60  7:42  Roach  
  75  8:03  Overlord x2  
  75  8:04  Overlord  
  75  8:21  Ravager x3  
  75  8:22  Ravager x4  
  75  8:23  Overlord  
  75  8:24  Overlord x2  
  75  8:26  Drone  
  83  8:40  Drone x3  
  86  8:43  Drone x2  
  86  8:46  Extractor  
  87  8:49  Extractor  
  86  8:57  Lair  
  86  9:01  Drone x4  
  90  9:13  Zerg Ground Armor Level 1  
  90  9:20  Drone x2  
  90  9:21  Drone  
  93  9:31  Roach x4  
  101  9:45  Roach x3, Zergling x6  
  88  10:15  Roach x3, Zergling x2  
  88  10:16  Roach, Zergling x2  
  98  10:26  Hydralisk Den  
  93  11:05  Hydralisk x6  
  93  11:06  Hydralisk x4  
  113  11:13  Ravager x5  
  118  11:21  Hydralisk x2  
  111  11:34  Roach x3  
  111  11:35  Roach x2  
  119  11:47  Roach x5  
  120  11:52  Hydralisk  
Show
View Real Time Build Order
Export as new Build Order

Recneps Protoss 

Build Orders:  

Get SALT Encoding   

  12  0:06  Probe  
  13  0:27  Pylon  
  13  0:30  Probe  
  14  0:38  Pylon  
  14  0:42  Probe  
  15  0:54  Probe  
  16  0:57  Gateway  
  16  1:04  Gateway  
  16  1:18  Gateway  
  16  1:27  Gateway  
  16  1:45  Zealot  
  17  1:51  Zealot  
  19  2:05  Zealot  
  21  2:14  Zealot  
  23  2:18  Zealot  
  23  2:19  Zealot  
  27  2:38  Zealot  
  27  2:42  Zealot  
  31  3:04  Zealot  
  31  3:11  Zealot  
  23  3:27  Zealot x2  
  23  3:31  Zealot  
  29  3:35  Probe, Cybernetics Core  
  30  3:47  Probe  
  30  3:48  Nexus  
  17  5:06  Gateway  
  17  5:07  Gateway  
  17  5:11  Gateway  
  17  5:15  Pylon  
  17  5:22  Pylon  
  17  5:23  Probe  
  17  5:24  Assimilator  
  17  5:26  Probe  
  19  5:28  Assimilator  
  19  5:35  Probe  
  20  5:38  Forge, Probe  
  21  5:47  Probe  
  21  5:49  Shield Battery x2  
  22  5:50  Probe  
  23  5:59  Probe  
  23  6:02  Probe  
  25  6:05  Assimilator  
  25  6:09  Assimilator  
  25  6:10  Zealot x3  
  31  6:11  Probe  
  31  6:14  Probe  
  33  6:29  Photon Cannon  
  33  6:35  Photon Cannon  
  33  6:37  Stalker  
  35  6:40  Photon Cannon  
  35  6:46  Sentry  
  37  6:48  Stalker  
  37  6:53  Probe x2  
  41  7:03  Probe  
  41  7:05  Probe  
  43  7:11  Probe  
  43  7:13  Probe  
  46  7:15  Sentry  
  46  7:19  Probe, Sentry  
  46  7:22  Probe  
  51  7:32  Probe  
  52  7:47  Probe x2  
  54  8:07  Pylon  
  54  8:10  Pylon  
  54  8:19  Pylon  
  54  8:22  Pylon  
  54  8:25  Stalker x2, Sentry  
  54  8:26  Protoss Ground Weapons Level 1  
  60  8:31  Pylon  
  60  8:34  Pylon  
  60  8:38  Pylon  
  60  8:41  Pylon  
  60  8:49  Stargate, Twilight Council  
  60  8:50  Stargate  
  60  8:52  Sentry  
  62  8:58  Stalker x2  
  66  9:18  Stalker  
  68  9:28  Robotics Facility, Stalker  
  70  9:32  Probe x2  
  70  9:36  Stalker  
  50  9:48  Stalker  
  37  10:38  Stalker x2  
  37  10:39  Stalker  
  42  11:08  Stalker  
  44  11:57  Photon Cannon  
Tags
 
Add a new tag
Caveats
  • Supply blocks, unpowered buildings, or Contaminate may cause inaccurate times.
  • Supply counts are checked every 10 seconds.